 Dungeon Crawl Stone Soup version 0.24.1-1-gd1d2a07e1b (webtiles) character file.

Game seed: 4380935761434209224, levelgen mode: deterministic

349861 nightchill the Warrior (level 22, 0/136 HPs)
             Began as a Gargoyle Gladiator on Apr 2, 2020.
             Was a High Priest of Nemelex Xobeh.
             Slain by an iron troll (29 damage)
             ... on level 4 of the Depths on Apr 7, 2020.
             The game lasted 05:18:31 (82399 turns).

nightchill the Warrior (Gargoyle Gladiator)        Turns: 82399, Time: 05:18:31

Health: 0/136      AC: 35    Str: 25    XL:     22   Next: 19%
Magic:  30/31      EV: 17    Int: 12    God:    Nemelex Xobeh [*****.]
Gold:   3800       SH: 14    Dex: 13    Spells: 16/21 levels left

rFire    + . .     SeeInvis +   K - +6 eveningstar (crush)
rCold    + + +     Gourm    .   b - +0 shield
rNeg     + . .     Faith    .   U - +4 ring mail {MR+}
rPois    ∞         Spirit   .   Z - -2 helmet of Zoucwol {rElec rCorr SInv Stlth-}
rElec    +         Reflect  .   H - scarf {cloud immunity}
rCorr    +         Harm     .   X - +1 pair of gloves of Xom's Righteous Fury {rC++}
MR       ++...                  Y - +2 pair of boots
Stlth    +.........             v - amulet of rage
HPRegen  0.32/turn              g - ring of protection from fire
MPRegen  0.22/turn              O - ring "Uzaep" {rPois rC+ Dex+2 Stlth+}

@: berserk cooldown, very slightly contaminated, slowed, very slow
A: big wings, frail 1, low mp 1, negative energy resistance 1, electricity
resistance, unbreathing, petrification resistance, no potion heal 1, rot
immunity, AC +16
}: 2/15 runes: decaying, serpentine
a: Fly, Draw Escape, Draw Destruction, Draw Summoning, Triple Draw, Deal Four,
Stack Five, Renounce Religion, Evoke Berserk Rage


You were on level 4 of the Depths.
You worshipped Nemelex Xobeh.
Nemelex Xobeh was extremely pleased with you.
You were hungry.

You visited 8 branches of the dungeon, and saw 39 of its levels.
You visited the Abyss 1 time.
You also visited: Gauntlet.

You collected 4639 gold pieces.
You spent 839 gold pieces at shops.

Inventory:

Hand Weapons
 E - a +5 demon whip of slashing
 K - a +6 eveningstar of crushing (weapon)
 R - a +1 dire flail of holy wrath
Missiles
 d - 4 throwing nets
 s - 47 silver javelins (quivered)
 w - 4 datura-tipped darts
 y - 16 curare-tipped darts
Armour
 b - a +0 shield (worn)
 H - a scarf of cloud immunity (worn)
 U - a +4 ring mail of magic resistance (worn)
 X - the +1 pair of gloves of Xom's Righteous Fury (worn) {rC++}
   (You found it in a Gauntlet)

   It greatly protects you from cold.
 Y - a +2 pair of boots (worn)
 Z - the -2 helmet of Zoucwol (worn) {rElec rCorr SInv Stlth-}
   (You bought it in a shop on level 2 of the Orcish Mines)

   It insulates you from electricity.
   It lets you see invisible.
   It provides partial protection from all sources of acid and corrosion.
   It makes you less stealthy.
Jewellery
 g - a ring of protection from fire (left hand)
 j - an uncursed ring of positive energy
 v - an amulet of rage (around neck)
 O - the ring "Uzaep" (right hand) {rPois rC+ Dex+2 Stlth+}
   (You found it on level 1 of the Lair of Beasts)

   [ring of poison resistance]

   It affects your dexterity (+2).
   It protects you from cold.
   It protects you from poison.
   It makes you more stealthy.
Wands
 t - a wand of digging (11)
 z - a wand of polymorph (36)
 D - a wand of paralysis (15)
 F - a wand of scattershot (8)
 I - a wand of iceblast (10)
 L - a wand of flame (35)
 M - a wand of acid (29)
Scrolls
 e - 20 scrolls of teleportation
 l - 13 scrolls of remove curse
 m - 5 scrolls of magic mapping
 u - 8 scrolls of fear
 G - 11 scrolls of enchant armour
 J - 4 scrolls of identify
 Q - 5 scrolls of fog
 T - 5 scrolls of summoning
 V - 2 scrolls of immolation
 W - 6 scrolls of blinking
Potions
 i - 14 potions of curing
 k - 2 potions of haste
 n - a potion of magic
 o - 8 potions of lignification
 p - 8 potions of heal wounds
 q - 4 potions of brilliance
 r - 3 potions of might
 x - 2 potions of resistance
 A - 10 potions of mutation
 B - 3 potions of berserk rage
 N - a potion of agility
 P - 3 potions of cancellation
Miscellaneous
 a - a sack of spiders
 C - a lightning rod (4/4)
 S - a phantom mirror
Comestibles
 f - 36 rations


   Skills:
 + Level 19.9 Fighting
 - Level 16.0 Maces & Flails
 - Level 1.7 Throwing
 - Level 15.0 Armour
 - Level 10.0 Dodging
 * Level 13.6 Shields
 - Level 5.5 Translocations
 + Level 19.0 Invocations
 - Level 9.7 Evocations


You had 16 spell levels left.
You knew the following spells:

 Your Spells              Type           Power        Failure   Level  Hunger
a - Mephitic Cloud        Conj/Pois/Air  #.......     83%         3    ####...
b - Blink                 Tloc           N/A          9%          2    ###....

Your spell library contained the following spells:

 Spells                   Type           Power        Failure   Level  Hunger
 Gell's Gravitas          Tloc           ##........   16%         3    ####...
 Animate Skeleton         Necr           N/A          45%         1    ##.....
 Beastly Appendage        Tmut           #.....       45%         1    ##.....
 Confusing Touch          Hex            #.....       45%         1    ##.....
 Corona                   Hex            #......      45%         1    ##.....
 Flame Tongue             Conj/Fire      #....        45%         1    ##.....
 Magic Dart               Conj           #...         45%         1    ##.....
 Pain                     Necr           #...         45%         1    ##.....
 Sandblast                Erth           #.....       45%         1    ##.....
 Shock                    Conj/Air       #...         45%         1    ##.....
 Sting                    Conj/Pois      #...         45%         1    ##.....
 Summon Small Mammal      Summ           #...         45%         1    ##.....
 Call Imp                 Summ           #.......     61%         2    ###....
 Ensorcelled Hibernation  Hex/Ice        #.....       61%         2    ###....
 Passwall                 Tmut/Erth      #.......     61%         2    ###....
 Poisonous Vapours        Pois/Air       #.....       61%         2    ###....
 Searing Ray              Conj           #.....       61%         2    ###....
 Slow                     Hex            #.......     61%         2    ###....
 Song of Slaying          Chrm           #.......     61%         2    ###....
 Sticks to Snakes         Tmut           #.......     61%         2    ###....
 Swiftness                Chrm/Air       #.......     61%         2    ###....
 Throw Flame              Conj/Fire      #.....       61%         2    ###....
 Call Canine Familiar     Summ           #.......     83%         3    ####...
 Confuse                  Hex            #.......     83%         3    ####...
 Conjure Flame            Conj/Fire      #.......     83%         3    ####...
 Dazzling Spray           Conj/Hex       #.....       83%         3    ####...
 Inner Flame              Hex/Fire       #.......     83%         3    ####...
 Regeneration             Chrm/Necr      #.........   83%         3    ####...
 Spider Form              Tmut/Pois      #.........   83%         3    ####...
 Static Discharge         Conj/Air       #.......     83%         3    ####...
 Stone Arrow              Conj/Erth      #.....       83%         3    ####...
 Summon Guardian Golem    Hex/Summ       #.......     83%         3    ####...
 Tukima's Dance           Hex            #.......     83%         3    ####...
 Vampiric Draining        Necr           #.........   83%         3    ####...
 Animate Dead             Necr           N/A          99%         4    #####..
 Ice Form                 Ice/Tmut       #.......     99%         4    #####..
 Petrify                  Tmut/Erth      #.......     99%         4    #####..
 Sticky Flame             Conj/Fire      #.......     99%         4    #####..
 Summon Ice Beast         Ice/Summ       #.......     99%         4    #####..
 Summon Lightning Spire   Summ/Air       #.......     99%         4    #####..
 Blade Hands              Tmut           #.........   100%        5    ######.
 Fireball                 Conj/Fire      #.........   100%        5    ######.
 Lee's Rapid Deconstruct  Erth           #.........   100%        5    ######.
 Lightning Bolt           Conj/Air       #.........   100%        5    ######.
 Metabolic Englaciation   Hex/Ice        #.........   100%        5    ######.
 Silence                  Hex/Air        #.........   100%        5    ######.
 Yara's Violent Unravell  Hex/Tmut       #.........   100%        5    ######.
 Conjure Ball Lightning   Conj/Air       #.........   100%        6    #######
 Darkness                 Hex            #.........   100%        6    #######
 Deflect Missiles         Chrm/Air       #.........   100%        6    #######
 Freezing Cloud           Conj/Ice/Air   #.........   100%        6    #######
 Invisibility             Hex            #.......     100%        6    #######
 Ring of Flames           Chrm/Fire      #.........   100%        7    #######
 Ignition                 Fire           #.........   100%        8    #######
 Shatter                  Erth           #.........   100%        9    #######
 Tornado                  Air            #.........   100%        9    #######


Dungeon Overview and Level Annotations

Branches:
Dungeon (15/15)            Temple (1/1) D:5            Lair (6/6) D:10
  Swamp (4/4) Lair:4        Snake (4/4) Lair:4          Orc (2/2) D:10
    Elf (2/3) Orc:2        Vaults (0/5) D:13         Depths (5/5) D:15
Gauntlet (visited)
  Slime: Lair:5-6       Zot: Depths:5

Altars:
Ashenzari
Cheibriados
Dithmenos
Elyvilon
Fedhas
Gozag
Hepliaklqana
Kikubaaqudgha
Makhleb
Nemelex Xobeh
Okawaru
Qazlal
Ru
Sif Muna
Trog
Uskayaw
Vehumet
Wu Jian
Xom
Yredelemnul
Zin
The Shining One
Beogh

Shops:
D:5 (   D:6 !   D:13 !   Orc:2 (![(   Elf:1 =(   Snake:4 [   Depths:1 [=([
Depths:2 :   Depths:4 [   Depths:5 [}

Portals:
Hell: Lair:6 Depths:1 Depths:2 Depths:3 Depths:4
Abyss: Depths:2 Depths:4
Pandemonium: Depths:1 Depths:3 Depths:4
Ziggurat: Depths:2

Annotations:
D:7 exclusion: 2 downstairs
D:14 exclusion: downstairs
Lair:2 exclusion: downstairs
Lair:3 3 runed translucent doors, Feulaj's ghost, journeyman MiBe; Kubamp's ghost, journeyman DEAE; Roann's ghost, journeyman MiFi
Lair:6 2 transporters, exclusions: downstairs and 7 oklob plants, Blackmass's ghost, journeyman MiFi
Swamp:1 exclusion: 3 downstairs
Swamp:2 !thorn hunter
Swamp:4 1 runed translucent door, Mryle's ghost, adept MiBe
Snake:2 exclusions: door and 1 more exclusion
Snake:4 !distortion
Orc:2 exclusion: upstairs
Elf:2 exclusions: upstairs and 4 more exclusions
Depths:4 3 runed translucent doors, exclusions: downstairs and 1 more exclusion, Bad Hic's ghost, journeyman OpFE


Innate Abilities, Weirdness & Mutations

You are resistant to torment.
Your stone body is resilient. (AC +16)
You are immune to poison.
Your large and strong wings let you fly indefinitely.
You resist negative energy. (rN+)
You are resistant to electric shocks. (rElec)
You can survive without breathing.
You are immune to petrification.
You are immune to rotting.
You are frail. (-10% HP)
Your magical capacity is low. (-10% MP)
Potions are less effective at restoring your health.


Message History

The iron troll is engulfed in acidic fog.
The iron troll is splashed with acid.
The acid corrodes the iron troll!
Your system partially rejects the healing.
You feel much better.
The deep troll is engulfed in acidic fog.
The deep troll is splashed with acid.
You block the iron troll's attack.
The iron troll claws you but does no damage.
You block the iron troll's attack.
You are feeling hungry.
You puncture the iron troll!
The iron troll is severely wounded.
You hit the iron troll but do no damage.
The iron troll is severely wounded.
The deep troll bites you but does no damage.
You block the deep troll's attack. x2; The iron troll bites you!!
* * * LOW HITPOINT WARNING * * *
The iron troll claws you but does no damage. x2
The iron troll bites you!!
You die...
Your body glows with a rainbow of weird colours and disappears.

#..##..........................
#..##........................##
#..#...###≈###..○○○..........#
#..#...#.#≈#.#....§...########
#..#.###.#≈#.###.○....'.....##
#..#.....#≈#.....#...######..#
#..#.###.#≈#.###.#..##....##.##
#..#...#.#≈#.#.T.#..#......#..#
#..##..###≈###@T##..#∩.....'..#
#..##...........##..#......'..#
#..##...##......##..#......#..#
#..###..##......##..##....##.##
#### #############...######..#
#....'..)[.## #....#######
######


You could see an iron troll and a deep troll.

Vanquished Creatures
  Bai Suzhen (Snake:3)
  A caustic shrike (Depths:4)
  Nikola (Swamp:1)
  3 liches (Depths:3)
  A tentacled monstrosity (Abyss:3)
  A deep elf blademaster (Elf:2)
  A titan (Depths:4)
  A sphinx (Depths:4)
  Agnes (D:15)
  2 tentacled starspawn (Abyss:3)
  Kirke (Swamp:3)
  A storm dragon (Depths:5)
  Donald (Elf:2)
  12 nagarajas
  A tengu reaver (Depths:2)
  An iron dragon (Depths:4)
  A deep elf sorcerer (Elf:1)
  7 fire giants
  2 frost giants (Depths:2)
  An orc warlord (Orc:1)
  A spriggan defender (Depths:2)
  14 very ugly things
  5 stone giants
  An ophan (Abyss:3)
  A reaper (Depths:1)
  4 vampire knights
  A deep elf demonologist (Elf:1)
  A deep elf annihilator (Elf:1)
  Azrael (Orc:2)
  3 merfolk javelineers
  2 deep elf death magi (Elf:2)
  A blizzard demon (Depths:4)
  4 ettins
  6 fire dragons
  2 merfolk impalers
  4 great orbs of eyes
  Erolcha (D:9)
  2 ghost crabs
  13 naga warriors
  Harold (D:9)
  26 hydras
  A monstrous demonspawn (Depths:4)
  3 catoblepae
  2 shambling mangroves (Swamp:4)
  A hell beast (Lair:6)
  3 rakshasas
  12 alligators
  4 ice dragons
  2 death knights
  7 centaur warriors
  19 two-headed ogres
  10 anacondas
  2 ogre magi
  3 deep troll earth magi
  A vampire mage (Depths:2)
  16 dancing weapons
  14 naga sharpshooters
  2 tengu warriors
  2 spriggan berserkers
  4 deep troll shamans
  2 thrashing horrors (Abyss:3)
  11 shock serpents
  2 orc high priests
  4 iron trolls
  10 hell knights
  2 sea snakes (Snake:2)
  A wretched star (Abyss:3)
  Sonja (D:10)
  11 deep elf knights
  7 deep trolls
  4 salamander mystics
  3 skeletal warriors (D:14)
  2 unseen horrors
  2 torturous demonspawn
  2 flayed ghosts
  An infernal demonspawn (Depths:1)
  A death drake (Elf:1)
  6 naga ritualists
  6 swamp dragons
  2 spriggan druids (Swamp:4)
  2 starcursed masses (Abyss:3)
  6 wizards
  A lindwurm (Snake:4)
  6 deep elf archers
  A harpy (Snake:1)
  An obsidian statue (Gauntlet)
  6 necromancers
  2 orc sorcerers (Orc:1)
  2 orc knights (Orc:1)
  9 mana vipers
  25 ugly things
  5 cyclopes
  31 deep elf magi
  A faun (Elf:2)
  6 salamanders
  2 shining eyes (Snake:1)
  A wolf spider (D:15)
  A frost giant zombie (Depths:2)
  A salamander (shapeshifter) (Depths:3)
  A worldbinder (Abyss:3)
  2 frost giant skeletons
  19 elephants
  4 manticores
  2 eyes of devastation
  10 guardian serpents
  A moth of wrath (Snake:1)
  31 black mambas
  2 smoke demons
  A water nymph (Elf:1)
  16 naga magi
  A torpor snail (Lair:6)
  3 gargoyles
  A spiny frog (shapeshifter) (Depths:3)
  An apocalypse crab (Abyss:3)
  A minotaur zombie (Gauntlet)
  A kobold demonologist (D:15)
  26 spiny frogs
  3 centaur skeletons
  4 ice devils
  An efreet (D:15)
  6 rime drakes
  7 yaktaurs
  11 komodo dragons
  An ancient zyme (Abyss:3)
  2 red devils
  A tengu conjurer (D:13)
  11 trolls
  3 meliai
  9 tyrant leeches
  A queen bee (Snake:1)
  4 polar bears (Lair:2)
  A sphinx simulacrum (Depths:1)
  20 blink frogs
  19 hornets
  25 slime creatures
  9 bog bodies
  22 hippogriffs
  A frost giant simulacrum (Depths:1)
  An elf zombie (Depths:2)
  18 spriggans
  A spriggan skeleton (Depths:1)
  3 wraiths
  3 shadows
  10 wyverns
  14 water elementals
  54 yaks
  2 vampires
  Sigmund (D:6)
  8 basilisks (Lair:5)
  Eustachio (D:6)
  A hog (Snake:1)
  4 fire elementals
  A fire bat (Snake:1)
  A steam dragon (D:6)
  15 vampire mosquitoes
  3 hungry ghosts
  A chaos spawn (Depths:1)
  A warg (Orc:1)
  13 insubstantial wisps (Swamp:1)
  A neqoxec (Depths:1)
  3 soldier ants (D:11)
  2 two-headed ogre zombies (D:11)
  12 swamp worms
  61 nagas
  2 acid dragons
  11 water moccasins
  Duvessa (D:4)
  7 porcupines
  A hornet zombie (D:14)
  A floating eye (Elf:2)
  7 hell hounds
  17 swamp drakes
  44 orc warriors
  2 eyes of draining
  3 ice beasts
  3 sky beasts
  3 phantoms
  23 ogres
  6 black bears
  28 centaurs
  19 wolves
  A boggart (Snake:1)
  15 crocodiles
  A big kobold (D:10)
  Blork the orc (D:6)
  16 bullfrogs
  Dowan (D:4)
  4 wyvern zombies
  4 scorpions
  13 killer bees
  9 wights
  8 electric eels
  A howler monkey (D:8)
  2 centaur zombies
  2 bullfrog zombies
  10 crimson imps
  5 quasits
  9 hounds
  Crazy Yiuf (D:4)
  8 jellies
  31 orc priests
  38 orc wizards
  7 bullfrog skeletons
  10 iguanas
  A hell rat (Lair:3)
  9 worker ants
  A killer bee zombie (D:9)
  A hound skeleton (D:7)
  3 worker ant zombies
  4 gnolls (D:10)
  A howler monkey skeleton (D:8)
  12 adders
  7 shadow imps
  A white imp (Depths:4)
  An ufetubus (Depths:4)
  4 oozes
  An adder skeleton (D:6)
  3 worms
  4 ball lightnings
  A dart slug (D:2)
  2 leopard geckos
  131 orcs
  3 giant cockroaches
  8 goblins
  2 hobgoblins
  3 jackals (D:7)
  7 quokkas
  5 ball pythons
  5 bats
  4 frilled lizards
  A jackal skeleton (D:9)
  10 kobolds
  A leopard gecko skeleton (D:5)
  2 quokka skeletons (D:4)
  5 rats
  A fungus (D:4)
  3 starspawn tentacles (Abyss:3)
1573 creatures vanquished.

Vanquished Creatures (collateral kills)
  Jorgrun (Swamp:1)
  A nagaraja (Snake:4)
  An orc warlord (Orc:2)
  Nessos (D:12)
  A minotaur (Gauntlet)
  2 hydras (Swamp:4)
  A naga warrior (Snake:4)
  An alligator (Lair:4)
  A shambling mangrove (Swamp:4)
  An ogre mage (D:11)
  A naga sharpshooter (Snake:4)
  5 deep elf knights (Elf:2)
  A deep elf mage (Elf:2)
  3 ugly things (D:14)
  A cyclops (D:14)
  A gargoyle (D:14)
  A hellwing (Lair:6)
  A red devil (Lair:6)
  2 hornets (Swamp:4)
  2 bog bodies (Swamp:4)
  A blink frog (Lair:3)
  A hippogriff (Lair:5)
  2 fire elementals (Orc:1)
  2 wargs (Orc:2)
  A naga (Snake:4)
  2 hell hounds (Lair:6)
  3 orc warriors
  3 wolves (Lair:4)
  A centaur (Snake:1)
  A crocodile (Lair:5)
  3 orc priests (Orc:2)
  8 orcs
57 creatures vanquished.

Vanquished Creatures (others)
  A hydra (Swamp:1)
  A starcursed mass (Abyss:3)
  A deep elf mage (Elf:1)
  A mana viper (Snake:1)
  A black mamba (Snake:3)
  A spiny frog (Swamp:1)
  3 tyrant leeches
  A shapeshifter (Snake:1)
  A basilisk (Snake:1)
  2 nagas
  A swamp drake (Swamp:2)
  2 orc warriors (D:10)
  A scorpion (Snake:1)
  A hound (D:10)
  2 orc wizards (Orc:1)
  2 adders (Snake:2)
  A white imp (Depths:4)
  5 ball lightnings
  7 orcs (D:10)
  2 briar patches (Swamp:2)
  8 fungi
  11 plants
  A starspawn tentacle (Abyss:3)
  3 withered plants (Lair:3)
60 creatures vanquished.

Grand Total: 1690 creatures vanquished

Notes
Turn   | Place    | Note
-------+----------+-------------------------------------------
     0 | D:1      | nightchill the Gargoyle Gladiator began the quest for the
                  | Orb.
     0 | D:1      | Reached XP level 1. HP: 12/12 MP: 1/1
    65 | D:1      | Reached XP level 2. HP: 18/18 MP: 2/2
   514 | D:2      | Reached XP level 3. HP: 22/22 MP: 3/3
   915 | D:2      | Found an ornate altar of the Wu Jian Council.
   992 | D:2      | Reached XP level 4. HP: 21/28 MP: 4/4
  1448 | D:3      | Found a shattered altar of Ashenzari.
  2272 | D:4      | Reached XP level 5. HP: 32/32 MP: 5/5
  2452 | D:4      | Reached skill level 5 in Maces & Flails
  2712 | D:4      | Got a spiked helmet
  2723 | D:4      | Identified the cursed -5 helmet of Darkness {+Blink Dex+2}
                  | (You found it on level 4 of the Dungeon)
  2757 | D:4      | Found a radiant altar of Vehumet.
  2938 | D:4      | Noticed a phantom
  2966 | D:4      | Killed a phantom
  2966 | D:4      | Reached XP level 6. HP: 26/39 MP: 6/6
  3071 | D:4      | Noticed Dowan
  3072 | D:4      | Noticed Duvessa
  3092 | D:4      | Killed Duvessa
  3098 | D:4      | Killed Dowan
  3098 | D:4      | Reached XP level 7. HP: 33/44 MP: 7/7
  3722 | D:4      | Found a runed translucent door.
  3723 | D:4      | Noticed Crazy Yiuf
  3731 | D:4      | Killed Crazy Yiuf
  3731 | D:4      | Reached skill level 5 in Fighting
  3792 | D:5      | Entered Level 5 of the Dungeon
  4082 | D:5      | Found a staircase to the Ecumenical Temple.
  4094 | D:5      | Reached skill level 1 in Evocations
  4128 | Temple   | Entered the Ecumenical Temple
  4337 | Temple   | Became a worshipper of Nemelex Xobeh the Trickster
  4598 | Temple   | Reached skill level 1 in Invocations
  4895 | D:5      | Received a gift from Nemelex Xobeh
  5226 | D:5      | Found a snail-covered altar of Cheibriados.
  5275 | D:5      | Reached XP level 8. HP: 50/50 MP: 9/9
  5286 | D:5      | Found Seklijol's Antique Weapon Boutique.
  5790 | D:6      | Found Cygare's Distillery.
  5839 | D:6      | Found a bloodstained altar of Trog.
  5922 | D:6      | Noticed Pikel
  5969 | D:6      | Noticed Pikel
  5969 | D:6      | Pikel changed into Pikel the human
  5977 | D:6      | Noticed Pikel
  5977 | D:6      | Pikel the human changed into Pikel the iguana
  5986 | D:5      | Killed Pikel the iguana
  6598 | D:6      | Noticed Sigmund
  6609 | D:6      | Killed Sigmund
  6999 | D:6      | Noticed Blork the orc
  7007 | D:6      | Killed Blork the orc
  7146 | D:6      | Reached XP level 9. HP: 31/55 MP: 12/12
  7322 | D:6      | Noticed Eustachio
  7324 | D:6      | Reached * piety under Nemelex Xobeh
  7338 | D:6      | Killed Eustachio
  7755 | D:7      | Found a shimmering altar of Xom.
  7762 | D:7      | Found a shimmering altar of Xom.
  7771 | D:7      | Found a shimmering altar of Xom.
  7771 | D:7      | Found a shimmering altar of Xom.
  7777 | D:7      | Noticed a yaktaur
  8342 | D:7      | Noticed a komodo dragon
  8359 | D:7      | Noticed a fire crab
  8359 | D:7      | Noticed a jumping spider
  8382 | D:7      | Found a shadowy altar of Dithmenos.
  8382 | D:7      | Found an ancient bone altar of Kikubaaqudgha.
  8383 | D:7      | Found a stormy altar of Qazlal.
  8385 | D:7      | Found a glowing golden altar of the Shining One.
  8917 | D:7      | Reached ** piety under Nemelex Xobeh
  9096 | D:7      | Noticed a swamp dragon
  9335 | D:7      | Reached skill level 5 in Evocations
  9568 | D:8      | Received a gift from Nemelex Xobeh
  9626 | D:7      | Reached skill level 5 in Invocations
  9932 | D:8      | Reached XP level 10. HP: 47/63 MP: 12/14
 10055 | D:8      | Reached skill level 10 in Maces & Flails
 11028 | D:9      | Noticed Erolcha
 11034 | D:9      | Killed Erolcha
 11043 | D:9      | Noticed Harold
 11191 | D:9      | Killed Harold
 11448 | D:9      | Received a gift from Nemelex Xobeh
 11455 | D:9      | Found a burning altar of Makhleb.
 11672 | D:9      | Found an iron altar of Okawaru.
 11770 | D:9      | Reached XP level 11. HP: 18/69 MP: 16/16
 12107 | D:9      | Found a hide-covered altar of Uskayaw.
 12864 | D:10     | Entered Level 10 of the Dungeon
 13181 | D:10     | Reached *** piety under Nemelex Xobeh
 13181 | D:10     | Received a gift from Nemelex Xobeh
 13210 | D:10     | Noticed Sonja
 13213 | D:10     | Killed Sonja
 13370 | D:10     | Noticed a two-headed ogre
 13415 | D:9      | Killed a two-headed ogre
 13618 | D:10     | Found a staircase to the Lair.
 13760 | D:10     | Noticed a two-headed ogre
 13771 | D:10     | Killed a two-headed ogre
 13805 | D:10     | Reached skill level 10 in Fighting
 14378 | D:10     | Found a staircase to the Orcish Mines.
 14852 | D:10     | Found a roughly hewn altar of Beogh.
 14855 | D:10     | Reached XP level 12. HP: 37/77 MP: 18/18
 15108 | Lair:1   | Entered Level 1 of the Lair of Beasts
 15469 | Lair:1   | Got a faintly glowing silver ring
 15505 | Lair:1   | Identified the ring "Uzaep" {rPois rC+ Dex+2 Stlth+} (You
                  | found it on level 1 of the Lair of Beasts)
 15534 | Lair:1   | Received a gift from Nemelex Xobeh
 18349 | Lair:2   | Reached **** piety under Nemelex Xobeh
 18469 | Lair:2   | Reached skill level 1 in Armour
 18474 | Lair:2   | Reached skill level 10 in Invocations
 18909 | Lair:3   | Found a runed translucent gate.
 18909 | Lair:3   | Found a runed translucent gate.
 18909 | Lair:3   | Found a runed translucent gate.
 18966 | Lair:3   | Received a gift from Nemelex Xobeh
 19989 | Lair:3   | Reached XP level 13. HP: 65/84 MP: 20/20
 20343 | Lair:3   | Noticed Feulaj's ghost (journeyman MiBe)
 20343 | Lair:3   | Noticed Roann's ghost (journeyman MiFi)
 20399 | Lair:3   | Noticed Kubamp's ghost (journeyman DEAE)
 20503 | Lair:3   | Received a gift from Nemelex Xobeh
 20987 | Lair:4   | Found a staircase to the Swamp.
 21035 | Lair:4   | Reached ***** piety under Nemelex Xobeh
 21169 | Lair:4   | Found a staircase to the Snake Pit.
 21411 | Lair:4   | Received a gift from Nemelex Xobeh
 21800 | Lair:4   | Reached skill level 5 in Armour
 22456 | Lair:5   | Reached skill level 5 in Dodging
 23100 | Lair:5   | Received a gift from Nemelex Xobeh
 24596 | Lair:6   | Entered Level 6 of the Lair of Beasts
 24633 | Lair:6   | Gained mutation: Your large and strong wings let you fly
                  | indefinitely. [Gargoyle growth]
 24633 | Lair:6   | Reached XP level 14. HP: 91/92 MP: 22/22
 25191 | Lair:6   | Received a gift from Nemelex Xobeh
 25814 | Lair:6   | Noticed Blackmass's ghost (journeyman MiFi)
 25968 | Lair:6   | Found a transporter.
 25969 | Lair:6   | Received a gift from Nemelex Xobeh
 25982 | Lair:6   | Found a transporter.
 26835 | Lair:6   | Found a burning altar of Makhleb.
 27149 | Lair:6   | Found a gateway to Hell.
 27969 | D:11     | Received a gift from Nemelex Xobeh
 28050 | D:11     | Found a white marble altar of Elyvilon.
 28500 | D:11     | Received a gift from Nemelex Xobeh
 28549 | D:11     | Reached XP level 15. HP: 58/100 MP: 24/24
 29047 | D:12     | Found a gate leading to a gauntlet.
 29229 | Gauntlet | Entered a Gauntlet
 29229 | Gauntlet | Found a transporter.
 29251 | Gauntlet | Found a transporter.
 29253 | Gauntlet | Found a transporter.
 29270 | Gauntlet | Found a transporter.
 29273 | Gauntlet | Found a transporter.
 29279 | Gauntlet | Found a transporter.
 29295 | Gauntlet | Found a transporter.
 29305 | Gauntlet | Found a transporter.
 29315 | Gauntlet | Found a transporter.
 29317 | Gauntlet | Reached ****** piety under Nemelex Xobeh
 29329 | Gauntlet | Found a transporter.
 29330 | Gauntlet | Received a gift from Nemelex Xobeh
 29338 | Gauntlet | Found a transporter.
 29344 | Gauntlet | Found a transporter.
 29531 | Gauntlet | Found a transporter.
 29636 | Gauntlet | Got a pair of faintly humming gloves
 29647 | Gauntlet | Identified the +1 pair of gloves of Xom's Righteous Fury
                  | {rC++} (You found it in a Gauntlet)
 30052 | D:12     | Found a radiant altar of Vehumet.
 30128 | D:12     | Found a glowing golden altar of the Shining One.
 30525 | D:12     | Found a shimmering altar of Xom.
 30681 | D:12     | Noticed Nessos
 30696 | D:12     | Killed Nessos
 30982 | D:12     | Received a gift from Nemelex Xobeh
 32282 | D:13     | Found Xiomacz Nige's Distillery.
 32675 | D:13     | Received a gift from Nemelex Xobeh
 32743 | D:13     | Reached skill level 10 in Armour
 32832 | D:13     | Found a gate to the Vaults.
 33467 | D:14     | Learned a level 3 spell: Mephitic Cloud
 34309 | D:14     | Received a gift from Nemelex Xobeh
 35298 | D:15     | Entered Level 15 of the Dungeon
 35508 | Orc:1    | Entered Level 1 of the Orcish Mines
 35623 | Orc:1    | Noticed an orc warlord
 35639 | Orc:1    | Killed an orc warlord
 35978 | Orc:1    | Reached XP level 16. HP: 96/107 MP: 26/26
 36239 | Orc:1    | Received a gift from Nemelex Xobeh
 36239 | Orc:1    | Found a roughly hewn altar of Beogh.
 36414 | Orc:2    | Entered Level 2 of the Orcish Mines
 36427 | Orc:2    | Noticed Azrael
 36791 | Orc:2    | Killed Azrael
 37148 | Orc:2    | Found a staircase to the Elven Halls.
 37183 | Orc:2    | Found a roughly hewn altar of Beogh.
 37183 | Orc:2    | Found Rosh's Antique Weapon Shop.
 37260 | Orc:2    | Reached skill level 15 in Fighting
 37298 | Orc:2    | Found a roughly hewn altar of Beogh.
 37954 | Orc:2    | Found a roughly hewn altar of Beogh.
 37954 | Orc:2    | Found Tiody's Antique Armour Shop.
 37962 | Orc:2    | Found Zyli's Antique Weapon Boutique.
 38118 | Orc:2    | Found a roughly hewn altar of Beogh.
 38280 | Orc:2    | Found a roughly hewn altar of Beogh.
 38304 | Orc:2    | Found Lifromue's Distillery.
 38310 | Orc:2    | Bought a potion of heal wounds for 80 gold pieces
 38454 | Orc:2    | Found a roughly hewn altar of Beogh.
 38660 | Orc:2    | Bought a jewelled helmet for 237 gold pieces
 38660 | Orc:2    | Identified the cursed -2 helmet of Zoucwol {rElec rCorr
                  | SInv Stlth-} (You bought it in a shop on level 2 of the
                  | Orcish Mines)
 38896 | Orc:1    | Received a gift from Nemelex Xobeh
 39595 | Swamp:1  | Entered Level 1 of the Swamp
 40661 | Swamp:1  | Found a transporter.
 40678 | Swamp:1  | Noticed Jorgrun
 41061 | Swamp:1  | Killed Jorgrun
 41352 | Swamp:1  | Received a gift from Nemelex Xobeh
 41370 | Swamp:1  | Noticed Nikola
 41374 | Swamp:1  | Killed Nikola
 41582 | Swamp:1  | Found a transporter.
 41642 | Swamp:1  | Cast into level 3 of the Abyss (the power of Zot)
 41662 | Abyss:3  | Found a corrupted altar of Lugonu.
 41662 | Abyss:3  | Found a transporter.
 41663 | Abyss:3  | Noticed a tentacled starspawn
 41663 | Abyss:3  | Noticed a tentacled monstrosity
 41663 | Abyss:3  | Noticed a tentacled starspawn
 41664 | Abyss:3  | Found a transporter.
 41666 | Abyss:3  | Noticed a tentacled starspawn
 41667 | Abyss:3  | Killed a tentacled starspawn
 41667 | Abyss:3  | Killed a tentacled starspawn
 41667 | Abyss:3  | Killed a tentacled monstrosity
 41667 | Abyss:3  | Reached skill level 15 in Maces & Flails
 41667 | Abyss:3  | Reached skill level 15 in Invocations
 41669 | Swamp:1  | Escaped the Abyss
 41670 | Swamp:1  | Reached skill level 10 in Dodging
 41895 | Swamp:1  | Got a twitching jade ring
 41904 | Swamp:1  | Got a smoking jade ring
 41944 | Swamp:1  | Identified the ring "Cayhom" {+Fly rPois MP+9 Str+2} (You
                  | found it on level 1 of the Swamp)
 41947 | Swamp:1  | Identified the ring of Gaerph {Dex+3 SInv} (You found it on
                  | level 1 of the Swamp)
 42064 | Swamp:1  | Received a gift from Nemelex Xobeh
 42472 | Swamp:2  | Noticed a thorn hunter
 42520 | Swamp:1  | Reached skill level 1 in Shields
 42830 | Swamp:1  | Reached XP level 17. HP: 115/115 MP: 28/28
 44897 | Swamp:3  | Received a gift from Nemelex Xobeh
 45496 | Swamp:3  | Noticed Kirke
 45584 | Swamp:3  | Killed Kirke
 45708 | Swamp:3  | Received a gift from Nemelex Xobeh
 46363 | Swamp:4  | Entered Level 4 of the Swamp
 46996 | Swamp:4  | Found a runed translucent door.
 46997 | Swamp:4  | Noticed Mryle's ghost (adept MiBe)
 48901 | Swamp:4  | Received a gift from Nemelex Xobeh
 49299 | Swamp:4  | Got a decaying rune of Zot
 50080 | Snake:1  | Entered Level 1 of the Snake Pit
 50337 | Snake:1  | Reached XP level 18. HP: 100/122 MP: 30/30
 50342 | Snake:1  | Gained mutation: Potions are less effective at restoring
                  | your health. [a shining eye]
 50539 | Snake:1  | Gained mutation: You are frail. (-10% HP) [a shining eye]
 51560 | Snake:1  | Learned a level 2 spell: Blink
 51671 | Snake:1  | Received a gift from Nemelex Xobeh
 51966 | Snake:1  | Got a fine ring mail
 52134 | Snake:1  | Reached skill level 1 in Translocations
 52139 | Snake:1  | Received a gift from Nemelex Xobeh
 52981 | Snake:2  | Received a gift from Nemelex Xobeh
 53568 | Snake:2  | Received a gift from Nemelex Xobeh
 54613 | Snake:2  | Identified the +2 ring mail "Fom Kint" {rCorr Int+4} (You
                  | found it on level 1 of the Snake Pit)
 54986 | Snake:3  | Noticed Bai Suzhen
 54993 | Snake:3  | Killed Bai Suzhen
 56293 | Elf:1    | Entered Level 1 of the Elven Halls
 56294 | Elf:1    | Reached skill level 5 in Translocations
 56799 | Elf:1    | Received a gift from Nemelex Xobeh
 57211 | Elf:1    | Found Vijeoll's Jewellery Emporium.
 57404 | Elf:1    | Reached XP level 19. HP: 109/117 MP: 31/31
 57595 | Elf:1    | Received a gift from Nemelex Xobeh
 57673 | Elf:1    | Identified Xistoel's Papyrus of Attacks
 57885 | Elf:1    | Found Yskiavvuagu's Antique Weapon Shoppe.
 58242 | Orc:2    | Bought a faintly glowing chain mail for 237 gold pieces
 58242 | Orc:2    | Identified the cursed +0 chain mail "Luelulus" {MR- Str+10
                  | Int-5} (You bought it in a shop on level 2 of the Orcish
                  | Mines)
 59186 | Elf:2    | Received a gift from Nemelex Xobeh
 59622 | Elf:2    | Found a huge runed translucent gate.
 59622 | Elf:2    | Found a huge runed translucent gate.
 59622 | Elf:2    | Found a huge runed translucent gate.
 59622 | Elf:2    | Found a huge runed translucent gate.
 59623 | Elf:2    | Found a huge runed translucent gate.
 60885 | Elf:2    | Noticed Donald
 60889 | Elf:2    | Killed Donald
 62034 | Snake:3  | Received a gift from Nemelex Xobeh
 62360 | Snake:4  | Entered Level 4 of the Snake Pit
 62360 | Snake:4  | Found Jufofim's Antique Armour Shoppe.
 62938 | Snake:4  | Reached skill level 5 in Shields
 63369 | Snake:4  | Received a gift from Nemelex Xobeh
 64186 | Snake:4  | Reached XP level 20. HP: 114/123 MP: 32/32
 65962 | Snake:4  | Got a serpentine rune of Zot
 67251 | D:15     | Received a gift from Nemelex Xobeh
 67620 | D:15     | Found a snail-covered altar of Cheibriados.
 67824 | D:15     | Found an ornate altar of the Wu Jian Council.
 67945 | D:15     | Noticed Agnes
 67964 | D:15     | Killed Agnes
 68266 | D:15     | Received a gift from Nemelex Xobeh
 68350 | D:15     | Found a staircase to the Depths.
 69417 | Snake:4  | Bought a runed cloak for 285 gold pieces
 69835 | Depths:1 | Entered Level 1 of the Depths
 70308 | Depths:1 | Found Nufueco's Jewellery Emporium.
 70309 | Depths:1 | Found Beypia's Armour Shoppe.
 70309 | Depths:1 | Found Inikuded's Antique Armour Emporium.
 70312 | Depths:1 | Found Pimumil's Antique Weapon Shoppe.
 70805 | Depths:1 | Paralysed by a vampire knight for 4 turns
 71171 | Depths:1 | Identified 3 scrolls of acquirement
 71589 | D:15     | Got a jewelled hat
 71601 | D:15     | Identified the +1 hat "Posh" {+Fly rElec Dex+4 Stlth-} (You
                  | acquired it on level 15 of the Dungeon)
 71623 | D:15     | Got a jewelled large shield
 71629 | D:15     | Identified the +7 large shield of Zobb {rC+ Regen+} (You
                  | acquired it on level 15 of the Dungeon)
 71914 | Depths:1 | Received a gift from Nemelex Xobeh
 72107 | Depths:1 | Gained mutation: Your magical capacity is low. (-10% MP) [a
                  | neqoxec]
 72108 | Depths:1 | Found a one-way gate leading to the halls of Pandemonium.
 73755 | Depths:2 | Found Vamom's Book Shop.
 73771 | Depths:2 | Found a one-way gate to the infinite horrors of the Abyss.
 73797 | Depths:2 | Reached skill level 10 in Shields
 73807 | Depths:2 | Reached XP level 21. HP: 103/129 MP: 30/30
 74367 | Depths:2 | Received a gift from Nemelex Xobeh
 75584 | Depths:2 | Found a gateway to a ziggurat.
 75705 | Depths:2 | Received a gift from Nemelex Xobeh
 77211 | Depths:3 | Reached skill level 15 in Armour
 77406 | Depths:3 | Identified Uhain's Almanac of the Helpful Oath
 77652 | Depths:3 | Received a gift from Nemelex Xobeh
 80430 | Depths:4 | Received a gift from Nemelex Xobeh
 80440 | Depths:4 | Reached XP level 22. HP: 134/136 MP: 30/31
 80672 | Depths:4 | Upgraded the game from 0.24.1 to 0.24.1-1-gd1d2a07e1b
 80948 | Depths:4 | Found Myqeuts's Antique Armour Boutique.
 80982 | Depths:4 | Found a runed translucent gate.
 81169 | Depths:4 | Found a runed translucent gate.
 81169 | Depths:4 | Found a runed translucent gate.
 81171 | Depths:4 | Received a gift from Nemelex Xobeh
 81171 | Depths:4 | Identified the +5 morningstar "Sudeas" {freeze, -Tele +Inv
                  | Int+3 Dex+3}
 81193 | Depths:4 | Noticed Bad Hic's ghost (journeyman OpFE)
 81452 | Depths:5 | Entered Level 5 of the Depths
 81452 | Depths:5 | Found Qoprecs's Gadget Shoppe.
 81452 | Depths:5 | Found Jivoan's Antique Armour Shoppe.
 81557 | Depths:5 | Noticed a caustic shrike
 81557 | Depths:5 | Noticed a caustic shrike
 81557 | Depths:5 | Noticed a caustic shrike
 81573 | Depths:4 | Killed a caustic shrike
 82399 | Depths:4 | Slain by an iron troll

Levels and vault maps discovered:
D:1:      nzn_arrival_crosshair, layout_rooms, moated_statue, nrook_mini_vaults
D:2:      layout_loops_ring, lemuel_coloured_pillars_altar,
          kennysheep_generic_room_3
D:3:      layout_loops_ring, nicolae_ashenzari_panopticon
D:4:      layout_basic, kennysheep_little_box, uniq_duvessa,
          uniq_crazy_yiuf_cottage
D:5:      layout_layer_cave, lemuel_doored_altar, minmay_temple_entry_ruins,
          first_ration, serial_shops, shop
D:6:      layout_loops_cross, bloody_trog, serial_shops, shop, uniq_eustachio,
          uniq_sigmund, uniq_blork_the_orc, uniq_pikel
D:7:      layout_gridville, xom_shifter_show, grunt_temple_overflow_open
D:8:      layout_rooms
D:9:      layout_layer_cave, kennysheep_mini, lemuel_crystal_altar,
          minmay_ruined_shrine, uniq_harold, uniq_erolcha
D:10:     layout_loops_ring, erik_lair_island, hiddenorc1_lemuel, special_room
          [special_room_orc], uniq_sonja
D:11:     lemuel_ogre_cave, layout_gridville, hangedman_pestilent_swarm,
          elyvilon_altar_1
D:12:     layout_roguey, gauntlet_entry_generic, serial_curves, eino_curves_03,
          eino_curves_02, eino_curves_04, hangedman_feature_mirror,
          tso_metal_star, uniq_nessos
D:13:     layout_long_grid, david_vaults_1, serial_shops, shop_statue
D:14:     layout_basic, nrook_mini_backslash, st_stairs_1
D:15:     grunt_enter_depths_hoard, layout_irregular_city, basic_altar,
          cheibriados_altar_1, minmay_fractal_squares_5, uniq_agnes
Temple:   compressed_dpeg_circular_temple
Lair:1:   layout_layer_cave, lemuel_fruit_tree, grunt_megastairs_3
Lair:2:   beast_lair_carwin_large_2, layout_layer_cave,
          chequers_serial_rivers_marsh
Lair:3:   layout_regular_city, gammafunk_ghost_cemetery,
          nicolae_quartered_pool_super, beast_lair_carwin_9
Lair:4:   layout_regular_city, minmay_swamp_entry_eels, dummy_snake_entry
Lair:5:   layout_roguey [special_room_mythical_zoo], st_stairs_11,
          nicolae_lair_grove_arrangements, serial_bayou_shore_b,
          infiniplex_staircase_pool
Lair:6:   evil_forest, layout_hall_layers, minmay_slime_entry_oklob_enclosed,
          gammafunk_ghost_arena, minmay_lair_oklob_chamber
Swamp:1:  gammafunk_its_a_trap, layout_falls_marsh, serial_swamp_ruin,
          evilmike_swamp_ruin_house_3, evilmike_swamp_ruin_house_5, uniq_nikola,
          uniq_jorgrun
Swamp:2:  layout_basic_swamp, nicolae_swamp_rocky_clearing
Swamp:3:  layout_falls_marsh, nicolae_swamp_little_tower, swamp_pool5,
          uniq_kirke
Swamp:4:  swamp_basic_johnstein, layout_basic_swamp, gammafunk_ghost_grave,
          swamp_pool2, nicolae_swamp_spriggan_camp
Snake:1:  layout_onion, evilmike_ambush [evilmike_ambush_outer_corners,
          evilmike_ambush_inner_pond]
Snake:2:  layout_basic, grunt_ministairs_9, drop_trap, nicolae_snake_springs,
          grunt_megastairs_1, serial_bayou_shore_b
Snake:3:  layout_honeycomb, grunt_ministairs_2, uniq_bai_suzhen
Snake:4:  johnstein_snake_rune_scales, layout_layer_cave, serial_shops, shop
Orc:1:    orc_temple, layout_caves
Orc:2:    grunt_orc_community_town_hall, layout_caves,
          grunt_orc_community_big_house_1, grunt_orc_community_big_house_2,
          grunt_orc_community_house_1, grunt_orc_community_house_3,
          grunt_orc_community_house_3, grunt_orc_community_house_2,
          grunt_orc_community_house_2, kennysheep_orc_chapel, uniq_azrael
Elf:1:    eino_elf_arrival_sip, layout_onion_city, serial_shops, shop,
          minmay_elf_annihilation, minmay_shop_star
Elf:2:    layout_loops_corners, due_unseen_surprise, uniq_donald
Depths:1: layout_cave_shapes, rand_demon_pan_entry_8, hell_entry,
          chequers_serial_rivers_small_a, kennysheep_generic_room_4,
          roderic_lattice_octagonal_star, minmay_shoptagon
Depths:2: kennysheep_four_of_diamonds, layout_cave_shapes, enter_ziggurat_a,
          hell_entry, serial_shops, shop, abyss_entry_crystal,
          hangedman_abyss_or_decor_clamps, minmay_misc_feat_five,
          chequers_big_river
Depths:3: cheibrodos_lost_city_excavation, layout_gridlike, pan_entry,
          pf_coc_iceberg, nicolae_sextant, serial_sigils_hangedman_scar
Depths:4: minmay_skeletal_surprise, layout_long_grid,
          gammafunk_ghost_tricky_traps, grunt_pan_entry_sceptre,
          grunt_decor_cap, serial_shops, nicolae_shop_overgrown_old_shop,
          abyss_entry, hell_entry, infiniplex_staircase_pool_1
Depths:5: evilmike_zot_entry_argh, layout_small_grid, serial_shops, shop,
          nicolae_shop_behind_doors,
          nicolae_shop_temple_entry_statues_fountains, shop, shop,
          grunt_metal_band, grunt_pan_entry_zigzag,
          chequers_serial_rivers_small_b

Skill      XL: |  1  2  3  4  5  6  7  8  9 10 11 12 13 14 15 16 17 18 19 20 21 22 |
---------------+-------------------------------------------------------------------+-----
Fighting       | 3 4 5 6 7 8 10 11 12 13 14 15 16 17 18 19 | 19.9
Maces & Flails | 4 5 6 7 8 9 11 12 14 15 16 | 16.0
Evocations     | 2 4 5 6 8 9 |  9.7
Invocations    | 1 3 5 6 8 10 11 12 14 15 16 17 18 19 | 19.0
Armour         | 2 6 9 10 11 12 13 14 15 | 15.0
Dodging        | 3 5 7 8 10 | 10.0
Shields        | 1 4 6 10 13 | 13.6
Translocations | 5 |  5.5
Throwing       | |  1.7

Action                   |  1- 3 |  4- 6 |  7- 9 | 10-12 | 13-15 | 16-18 | 19-21 | 22-24 || total
-------------------------+-------+-------+-------+-------+-------+-------+-------+-------++-------
Melee: Flail             |   100 |   110 |   203 |       |       |       |       |       ||   413
       Whip              |       |       |   193 |       |       |       |       |       ||   193
       Dire flail        |       |       |    92 |   849 |  1614 |       |       |       ||  2555
       Morningstar       |       |       |       |       |   182 |  2151 |   410 |       ||  2743
       Eveningstar       |       |       |       |       |       |       |  1480 |   123 ||  1603
       Demon whip        |       |       |       |       |       |       |    31 |    32 ||    63
Throw: Stone             |       |       |       |     1 |     8 |       |       |       ||     9
       Throwing net      |       |       |       |     1 |       |       |       |       ||     1
       Dart              |       |       |       |       |       |     1 |     3 |       ||     4
       Javelin           |       |       |       |       |       |       |     6 |       ||     6
 Cast: Blink             |       |       |       |       |       |       |     2 |       ||     2
Invok: Deal Four         |       |       |       |       |     3 |    12 |     6 |     1 ||    22
       Triple Draw       |       |       |       |       |     1 |     3 |     1 |     1 ||     6
 Abil: Evoke Berserk Rag |       |     2 |    14 |    21 |    30 |    26 |    29 |     2 ||   124
       Draw Destruction  |       |       |     6 |    12 |    11 |    13 |    13 |     1 ||    56
       Draw Escape       |       |       |       |     1 |     2 |     2 |       |       ||     5
       Draw Summoning    |       |       |       |       |     7 |     4 |     1 |       ||    12
       Fly               |       |       |       |       |     1 |       |     1 |     1 ||     3
       Stop Flying       |       |       |       |       |       |       |     1 |     2 ||     3
Evoke: Wand              |       |       |       |    10 |     7 |     3 |     3 |       ||    23
       Lightning rod     |       |       |       |     5 |       |    11 |       |       ||    16
       Sack of spiders   |       |       |       |       |     1 |       |       |       ||     1
       Phantom mirror    |       |       |       |       |       |     1 |       |       ||     1
  Use: Scroll            |       |    10 |     3 |     8 |    10 |     9 |    15 |     1 ||    56
       Potion            |       |       |       |       |     1 |     2 |       |     2 ||     5
 Stab: Sleeping          |       |       |       |     1 |     3 |     4 |     1 |       ||     9
       Distracted        |       |       |       |       |     4 |     1 |     1 |       ||     6
       Petrified         |       |       |       |       |     4 |     3 |       |       ||     7
       Confused          |       |       |       |       |       |     2 |       |       ||     2
  Eat: Chunk             |       |     3 |    24 |    43 |    52 |    32 |    50 |     4 ||   208
       Ration            |       |     1 |     4 |     3 |     8 |    18 |    15 |     1 ||    50
Armor: Leather armour    |    48 |    40 |   183 |     8 |       |       |       |       ||   279
       Plate armour      |       |       |       |    55 |       |       |       |       ||    55
       Ring mail         |       |       |       |   236 |   840 |  1119 |   782 |    92 ||  3069
       Scale mail        |       |       |       |       |       |   236 |       |       ||   236
Dodge: Dodged            |    72 |    69 |   289 |   342 |   997 |  1751 |   853 |    88 ||  4461
Block: Buckler           |       |       |       |       |       |   102 |   273 |       ||   375
       Shield            |       |       |       |       |       |       |   188 |   112 ||   300
